cohdb
Replays
Latest Replays
All Replays
Popular Replays
Top Player Replays
Match Explorer
How It Works
Community
CoH3 Stats
Reddit
Sign in to upload your games and track your stats! →
Sign in with Steam
Match 38010896
Unlisted
Match 38010896
Overview
Messages
Build Orders
End
Scout Squad
Construct Barracks
Selects Airborne Battlegroup
Selects Pathfinders
Riflemen Squad
Riflemen Squad
Grenade Package
Riflemen Squad
Construct Medical Station
Selects Paratrooper Squad Paradrop
Paratrooper Squad Paradrop
Infantry Support Center
M1918 Browning Automatic Rifles
Advanced Logistics
Selects Recon Loiter
Selects Paradrop Reinforcements
Paratrooper Squad Paradrop
Survival Training
Selects Anti-tank Gun Team Paradrop
Anti-tank Gun Team Paradrop
寶兔兔
WadoVice
0
0
Comments
sign in to comment!
No comments posted yet!